 Dungeon Crawl Stone Soup version 0.31.0-11-ge490571c62 (webtiles) character file.

Game seed: 9036165140454985057

4705612 Khashishi the Bringer of Life (level 27, 264/264 HPs)
             Began as a Human Delver on Jan 27, 2024.
             Was the Champion of Elyvilon.
             Escaped with the Orb
             ... and 5 runes
             ... and 9 gems on Jan 28, 2024!
             The game lasted 09:15:16 (55007 turns).

Khashishi the Bringer of Life (Human Delver)       Turns: 55007, Time: 09:15:17

Health: 264/264    AC: 22    Str: 22    XL:     27
Magic:  45/45      EV: 32    Int: 21    God:    Elyvilon [******]
Gold:   5029       SH: 32    Dex: 26    Spells: 4/36 levels left

rFire   + + .        a - +9 eveningstar (flame)
rCold   + . .        h - +8 tower shield {AC+3}
rNeg    + . .        e - +5 moon troll leather armour {Spirit, Regen++ MP+5}
rPois   +            Q - +0 hat of Ignis's Condemnation {rC+ Regen+ Dex+3}
rElec   +            V - scarf {rC+ rF+}
rCorr   +            R - +2 pair of gloves "Gemp" {Will++ Dex+3}
SInv    .            p - +2 pair of boots {Fly}
Will    ++++.        f - amulet of Mubuzis {Faith rPois rC- rCorr}
Stlth   +            S - ring "Gaideinunt" {rElec rF+ Str+2 Int+6}
HPRegen 3.04/turn    v - ring "Zuigh" {*Corrode rPois rN+ EV+5 Dex+3 Slay+4}
MPRegen 0.29/turn

%: corrode self (3%), guardian spirit, faith
@: flying
A: explore regen, iridescent scales 1, deterioration 2, robust 1, inability to
read after injury 2
0: Orb of Zot
}: 5/15 runes: serpentine, barnacled, slimy, silver, abyssal
a: Renounce Religion, Purification, Heal Other, Heal Self, Divine Vigour


You escaped.
You worshipped Elyvilon.
Elyvilon was exalted by your worship.
You visited 11 branches of the dungeon, and saw 53 of its levels.
You visited the Abyss 7 times.
You also visited: Sewer, Volcano, Wizlab and Desolation.

You collected 9008 gold pieces.
You spent 3979 gold pieces at shops.

Inventory:

Hand Weapons
 a - a +9 eveningstar of flaming (weapon)
 b - a +9 eveningstar of freezing
Missiles
 w - 4 throwing nets
Armour
 e - the +5 moon troll leather armour (worn) {Spirit, Regen++ MP+5}
   (You bought it in a shop on level 2 of the Orcish Mines)

   MP+5:      It affects your magic capacity (+5).
   Regen++:   It increases your rate of health regeneration.
 h - a +8 tower shield of protection (worn)
 p - a +2 pair of boots of flying (worn)
 Q - the +0 hat of Ignis's Condemnation (worn) {rC+ Regen+ Dex+3}
   (You found it on level 15 of the Dungeon)

   Dex+3:     It affects your dexterity (+3).
   rC+:       It protects you from cold.
   Regen+:    It increases your rate of health regeneration.
 R - the +2 pair of gloves "Gemp" (worn) {Will++ Dex+3}
   (You found it on level 14 of the Dungeon)

   Dex+3:     It affects your dexterity (+3).
   Will++:    It greatly increases your willpower.
 V - a scarf of resistance (worn)
 Y - the +0 mask of the Dragon {Will+ Slay+3 SInv}
   (You found it on level 2 of the Realm of Zot)

   Slay+3:    It affects your accuracy & damage with ranged weapons and melee
   (+3).
   Will+:     It increases your willpower.
   SInv:      It lets you see invisible.
Jewellery
 f - the amulet of Mubuzis (around neck) {Faith rPois rC- rCorr}
   (You found it on level 3 of the Vaults)

   [amulet of faith]

   Faith:     It allows you to gain divine favour quickly.
   rC-:       It makes you vulnerable to cold.
   rPois:     It protects you from poison rCorr: It protects you from acid and
   corrosion.
 v - the ring "Zuigh" (right hand) {*Corrode rPois rN+ EV+5 Dex+3 Slay+4}
   (You found it in the Desolation of Salt)

   [ring of evasion]

   EV+5:      It affects your evasion (+5).
   Dex+3:     It affects your dexterity (+3).
   Slay+4:    It affects your accuracy & damage with ranged weapons and melee
   (+4).
   rPois:     It protects you from poison rN+: It protects you from negative
   energy.
   *Corrode:  It may corrode you when you take damage.
 A - the ring "Bidist" {rCorr Str+6 Int+5}
   (You found it in the Desolation of Salt)

   [ring of strength]

   Str+6:     It affects your strength (+6).
   Int+5:     It affects your intelligence (+5).
   rCorr:     It protects you from acid and corrosion.
 B - the ring of Igroc {rPois rF+++ rN+ Will+ Int-4}
   (You found it on level 5 of the Pits of Slime)

   [ring of positive energy]

   Int-4:     It affects your intelligence (-4).
   rF+++:     It renders you almost immune to fire.
   rPois:     It protects you from poison rN+: It protects you from negative
   energy.
   Will+:     It increases your willpower.
 N - a ring of protection from cold
 S - the ring "Gaideinunt" (left hand) {rElec rF+ Str+2 Int+6}
   (You acquired it on level 1 of the Lair of Beasts)

   [ring of intelligence]

   Str+2:     It affects your strength (+2).
   Int+6:     It affects your intelligence (+6).
   rF+:       It protects you from fire.
   rElec:     It insulates you from electricity.
Wands
 g - a wand of digging (18)
 C - a wand of iceblast (42)
 W - a wand of light (23)
Scrolls
 c - 8 scrolls of fog
 d - 6 scrolls of immolation
 i - 19 scrolls of teleportation
 l - 13 scrolls of fear
 n - 5 scrolls of noise
 q - 10 scrolls of poison
 t - 9 scrolls of blinking
 y - 4 scrolls of revelation
 D - a scroll of silence
 G - 3 scrolls of amnesia
 K - 6 scrolls of vulnerability
 Z - a scroll of summoning
Potions
 k - a potion of ambrosia
 m - 2 potions of haste
 o - 8 potions of attraction
 r - a potion of might
 s - 19 potions of curing
 u - 11 potions of heal wounds
 z - 2 potions of cancellation
 F - 4 potions of resistance
 J - a potion of brilliance
 L - 6 potions of mutation
 M - 2 potions of magic
 O - 4 potions of enlightenment
 P - 4 potions of invisibility
 T - 4 potions of berserk rage
 U - 10 potions of lignification
Miscellaneous
 x - a tin of tremorstones (2/2)
 E - a box of beasts
 H - a phial of floods
 I - a phantom mirror
 X - a lightning rod (4/4)


   Skills:
 + Level 24.4 Fighting
 - Level 2.2(13.8) Axes
 + Level 19.4 Maces & Flails
 - Level 7.8(8.0) Polearms
 - Level 4.7 Ranged Weapons
 + Level 16.4 Armour
 + Level 17.3 Dodging
 - Level 5.1 Stealth
 + Level 18.8 Shields
 - Level 5.0 Spellcasting
 - Level 4.0 Conjurations
 - Level 18.0 Translocations
 - Level 4.0 Fire Magic
 O Level 27 Invocations


You had 4 spell levels left.
You knew the following spells:

 Your Spells              Type           Power      Damage    Failure   Level
a - Passage of Golubria   Tloc           69%        N/A       1%          4
b - Blink                 Tloc           100%       N/A       1%          2
c - Dispersal             Tloc           34%        N/A       2%          6
d - Apportation           Tloc           100%       N/A       0%          1
e - Disjunction           Tloc           34%        N/A       67%         8
f - Teleport Other        Tloc           69%        N/A       1%          3
s - Momentum Strike       Conj/Tloc      100%       3d10      1%          2
A - Manifold Assault      Tloc           69%        N/A       1%          4
B - Lesser Beckoning      Tloc           100%       N/A       1%          2

Your spell library contained the following spells:

 Spells                   Type           Power      Damage    Failure   Level
 Gell's Gravitas          Tloc           69%        N/A       1%          3
 Volatile Blastmotes      Fire/Tloc      100%       2d18      1%          3
 Iskenderun's Mystic Bla  Conj/Tloc      51%        2d11      2%          4
 Foxfire                  Conj/Fire      88%        2x1d8     4%          1
 Dimensional Bullseye     Hex/Tloc       21%        N/A       5%          4
 Searing Ray              Conj           44%        2d6       7%          2
 Shock                    Conj/Air       52%        1d6       10%         1
 Sting                    Conj/Alch      52%        1d6       10%         1
 Static Discharge         Conj/Air       26%        3-5/arc   16%         2
 Freeze                   Ice            20%        1d4       22%         1
 Sandblast                Erth           10%        2d5       22%         1
 Summon Small Mammal      Summ           20%        N/A       22%         1
 Dazzling Flash           Conj/Hex       26%        N/A       30%         3
 Hailstorm                Conj/Ice       13%        3d6       30%         3
 Inner Flame              Hex/Fire       13%        N/A       30%         3
 Stone Arrow              Conj/Erth      26%        3d8       30%         3
 Call Imp                 Summ           10%        N/A       34%         2
 Cigotuvi's Dreadful Rot  Necr/Alch/Air  10%        N/A       34%         2
 Jinxbite                 Hex            10%        N/A       34%         2
 Sublimation of Blood     Necr           5%         N/A       34%         2
 Mephitic Cloud           Conj/Alch/Air  10%        N/A       38%         3
 Call Canine Familiar     Summ           5%         N/A       56%         3
 Frozen Ramparts          Ice            10%        1d2       56%         3
 Fugue of the Fallen      Necr           5%         N/A       56%         3
 Ozocubu's Armour         Ice            5%         N/A       56%         3
 Passwall                 Erth           5%         N/A       56%         3
 Sigil of Binding         Hex            5%         N/A       56%         3
 Summon Ice Beast         Ice/Summ       5%         N/A       56%         3
 Tukima's Dance           Hex            5%         N/A       56%         3
 Brom's Barrelling Bould  Conj/Erth      13%        2d4       69%         4
 Fulminant Prism          Conj/Alch      6%         3d7       69%         4
 Ignite Poison            Fire/Alch      13%        N/A       69%         4
 Sticky Flame             Fire/Alch      13%        2d5       69%         4
 Summon Blazeheart Golem  Fire/Summ      13%        N/A       69%         4
 Airstrike                Air            2%         2d(1-17)  92%         4
 Anguish                  Hex/Necr       2%         N/A       92%         4
 Animate Armour           Summ/Erth      10%        N/A       92%         4
 Cause Fear               Hex            2%         N/A       92%         4
 Dispel Undead            Necr           5%         3d7       92%         4
 Leda's Liquefaction      Alch/Erth      2%         N/A       92%         4
 Martyr's Knell           Necr/Summ      5%         N/A       92%         4
 Petrify                  Alch/Erth      5%         N/A       92%         4
 Summon Lightning Spire   Summ/Air       5%         N/A       92%         4
 Summon Forest            Summ/Tloc      21%        N/A       16%         5
 Fireball                 Conj/Fire      11%        3d7       77%         5
 Arcjolt                  Conj/Air       6%         1d16      95%         5
 Irradiate                Conj/Alch      6%         3d13      95%         5
 Freezing Cloud           Conj/Ice/Air   5%         6-21      98%         5
 Alistair's Intoxication  Alch           3%         N/A       99%         5
 Borgnjor's Vile Clutch   Necr/Erth      2%         N/A       99%         5
 Curse of Agony           Necr           5%         N/A       99%         5
 Lee's Rapid Deconstruct  Erth           2%         3d5*      99%         5
 Metabolic Englaciation   Hex/Ice        2%         N/A       99%         5
 Silence                  Hex/Air        2%         N/A       99%         5
 Summon Mana Viper        Hex/Summ       5%         N/A       99%         5
 Yara's Violent Unravell  Hex/Alch       2%         3d3       99%         5
 Malign Gateway           Summ/Tloc      21%        N/A       99%         7
 Bombard                  Conj/Erth      6%         9d2       100%        6
 Conjure Ball Lightning   Conj/Air       6%         3x3d6     100%        6
 Death Channel            Necr           2%         N/A       100%        6
 Eringya's Noxious Bog    Alch           2%         4d6       100%        6
 Plasma Beam              Fire/Air       6%         2x1d17    100%        6
 Sculpt Simulacrum        Ice/Alch       2%         N/A       100%        6
 Starburst                Conj/Fire      11%        6d5       100%        6
 Summon Cactus Giant      Summ           2%         N/A       100%        6
 Enfeeble                 Hex            2%         N/A       100%        7
 Summon Hydra             Summ           2%         N/A       100%        7
 Discord                  Hex            2%         N/A       100%        8
 Lehudib's Crystal Spear  Conj/Erth      6%         10d3      100%        8
 Maxwell's Capacitive Co  Air            2%         ∞         100%        8
 Summon Horrible Things   Summ           2%         N/A       100%        8


Dungeon Overview and Level Annotations

Branches:
Dungeon (15/15)            Temple (1/1) D:5            Lair (5/5) D:8
 Shoals (4/4) Lair:2        Snake (4/4) Lair:3        Slime (5/5) Lair:5
    Orc (2/2) D:11            Elf (3/3) Orc:2        Vaults (5/5) D:14
  Crypt (0/3) Vaults:2     Depths (4/4) D:15            Zot (5/5) Depths:4
  Sewer (visited)         Volcano (visited)          WizLab (visited)
Desolation (visited)

Altars:
Ashenzari
Cheibriados
Dithmenos
Elyvilon
Fedhas
Gozag
Hepliaklqana
Kikubaaqudgha
Makhleb
Nemelex Xobeh
Okawaru
Ru
Sif Muna
Trog
Uskayaw
Vehumet
Wu Jian
Xom
Yredelemnul
Zin
The Shining One
Jiyva
Lugonu

Shops:
D:2 ?   D:3 [   D:8 *   D:12 ?   D:14 !   Orc:2 *[(*?   Shoals:4 [   Snake:2 (
Snake:3 (:==   Snake:4 :=[   Vaults:1 *   Vaults:4 [   Depths:1 (
Depths:3 [??*=

Portals:
Hell: Depths:1 Depths:2 Depths:3 Depths:4
Abyss: Depths:2 Depths:3 Depths:4
Pandemonium: Depths:1 Depths:2
Ziggurat: Depths:1
Trove: Vaults:2 (give +6 fire dragon scales)

Annotations:
Zot:5 2 transporters, Sebriys's ghost, legendary TrBe


Innate Abilities, Weirdness & Mutations

You regain HP and MP as you explore.
You are partially covered in iridescent scales. (AC +2)
Your body often deteriorates upon taking damage.
You are robust. (+10% HP)
You sometimes lose the ability to read scrolls when taking damage.


Message History

There is a stone staircase leading up here.
You fly upwards.
There is a stone staircase leading down here.
What level of the Dungeon? (default 1, ? - help)
There is a stone staircase leading up here.
You fly upwards.
There is a stone staircase leading down here.
There is an open door here.
A hell beast comes into view.
A shadow demon comes into view.
The shadow demon moves out of view.
You bludgeon the shadow demon!! You burn the shadow demon.
The shadow demon is severely wounded.
You bludgeon the shadow demon!! You burn the shadow demon.
You kill the shadow demon!
There is a stone staircase leading up here.
You closely miss the hell beast. You block the hell beast's attack. x2
You sock the hell beast! You burn the hell beast.
The hell beast is moderately wounded.
You block the hell beast's attack. The hell beast completely misses you.
You miss the hell beast.
The hell beast is moderately wounded.
You block the hell beast's attack. The hell beast misses you.
You impale the hell beast!! You burn the hell beast.
The hell beast is heavily wounded.
You block the hell beast's attack. The hell beast completely misses you.
You block the hell beast's attack. The hell beast completely misses you.
You closely miss the hell beast.
The hell beast is heavily wounded.
You block the hell beast's attack. x2
You bludgeon the hell beast!! You burn the hell beast!
The hell beast is almost dead.
You block the hell beast's attack. x2
You beat the hell beast like a drum!!!
You burn the hell beast.
You kill the hell beast!
You fly upwards.
There is a stone staircase leading down here.
There is a stone staircase leading down here.
There is a staircase leading out of the dungeon here.
You have escaped!

# #.........###........# #.#
# #........## ##.......# #.#
# #........# #.......# #.#
## #........## ##.......#
#.# .#
#.........###........### #.#
.#
#......................###.#
.#
##..###.........###..#.#....
.# #.## ##.......##
##...÷..(. .# #.# #...@...#
#.###.... .# #.##
##.......## ##.# #....
.######..###.........###..#
#....
.##.......................#
#....
.##.###........###........#
#.... ....# #.......##
##.......###.... ...##
#.......# #..............
...# #.......##
##.......###.... ...#
#........###........# ####.


There were no monsters in sight!

Vanquished Creatures
  A pandemonium lord (D:10)
  the Royal Jelly (Slime:5)
  Dissolution (Slime:1)
  9 dread liches
  2 ancient liches (Zot:5)
  4 orbs of fire (Zot:5)
  Xtahua (Vaults:5)
  Boris (twice) (Depths:2 Depths:3)
  7 Killer Klowns (Zot:5)
  Bai Suzhen (Depths:2)
  A curse toe (Zot:3)
  8 golden dragons
  Norris (Vaults:3)
  4 bone dragons
  A profane servitor (Abyss:3)
  11 tentacled monstrosities
  4 electric golems
  3 liches
  Jorgrun (D:14)
  A hellephant (Depths:1)
  A walking earthen tome (Depths:3)
  A deep elf blademaster (Elf:3)
  A titan (Vaults:4)
  A walking divine tome (WizLab)
  22 Orb Guardians (Zot:5)
  6 sphinxes
  2 deep elf master archers (Elf:3)
  27 acid blobs
  12 tentacled starspawn
  Polyphemus (Shoals:2)
  4 quicksilver dragons
  A thorn hunter (Abyss:3)
  12 death cobs
  13 shadow dragons
  Gastronok (D:11)
  8 tengu reavers
  2 strange machines (WizLab)
  Roxanne (Shoals:4)
  6 azure jellies
  4 protean progenitors (Zot:4)
  Ilsuiw (Shoals:2)
  13 storm dragons
  12 fire giants
  13 rockslimes
  8 draconian monks
  3 daevas (Abyss:3)
  5 frost giants
  6 nagarajas
  8 draconian scorchers
  7 draconian knights
  An iron dragon (Depths:2)
  5 deep elf sorcerers
  12 vault wardens
  2 imperial myrmidons (Desolation)
  A deep elf elementalist (Elf:3)
  7 draconian shifters
  3 ghost moths
  17 stone giants
  3 draconian stormcallers
  12 quicksilver oozes
  16 ironbound preservers
  5 draconian annihilators
  A spriggan defender (Depths:1)
  8 formless jellyfish
  23 very ugly things
  A juggernaut zombie (Depths:3)
  A vampire knight (Depths:4)
  11 deep elf death magi
  A lorocyproca (Abyss:1)
  8 deep elf annihilators
  2 ironbound thunderhulks
  18 green draconians
  9 deep elf demonologists
  16 black draconians
  11 white draconians
  4 war gargoyles
  12 red draconians
  11 purple draconians
  A halazid warlock (Desolation)
  4 spark wasps (Depths:1)
  A dire elephant (Vaults:3)
  4 fire dragons
  13 yellow draconians
  2 crystal guardians (Desolation)
  A green death (Depths:2)
  2 jiangshi (Depths:1)
  3 entropy weavers
  Josephine (D:11)
  10 ettins
  4 blizzard demons
  5 merfolk javelineers
  4 deep elf high priests
  11 merfolk impalers
  10 yaktaur captains
  15 rakshasas
  4 servants of whispers (Desolation)
  A hell beast (D:2)
  11 great orbs of eyes
  6 ragged hierophants (Desolation)
  12 peacekeepers
  35 vault guards
  7 ironbound frosthearts
  A salamander tyrant (Snake:4)
  A hydra (Lair:4)
  2 merfolk avatars
  8 ice dragons
  An ogre mage (Vaults:5)
  15 centaur warriors
  An alligator snapping turtle (Shoals:2)
  Erica (D:8)
  4 anacondas
  3 two-headed ogres
  A two-headed ogre (shapeshifter) (Depths:2)
  2 satyrs
  6 boulder beetles
  4 death yaks
  6 merfolk aquamancers
  40 dancing weapons
  17 naga warriors
  8 deep troll shamans
  An occultist (Depths:2)
  14 deep troll earth magi
  10 tengu warriors
  2 demonic crawlers (Abyss:3)
  2 spriggan berserkers (Depths:4)
  11 thrashing horrors (Abyss:3)
  2 orc high priests (Orc:2)
  4 shock serpents
  3 vampire magi
  12 naga sharpshooters
  32 deep elf knights
  7 hell hogs
  A titan zombie (Depths:3)
  13 hell knights
  A sun demon (Abyss:3)
  Amaemon (Lair:2)
  7 wretched stars
  2 soul eaters
  The ghost of Faeranduil the Thaumaturge, a novice OpAl of Gozag (D:8)
  A shadow wraith (Abyss:3)
  3 skeletal warriors (D:14)
  3 skysharks
  13 iron trolls
  3 spatial maelstroms
  4 naga ritualists
  5 sixfirhies
  4 arcanists
  7 sea snakes
  5 salamander mystics
  A cherub (D:9)
  49 deep trolls
  5 phantasmal warriors
  4 glowing orange brains
  A shadow demon (D:2)
  A death drake (Depths:4)
  An orb spider (Abyss:3)
  8 mana vipers
  19 ironbound convokers
  15 deep elf archers
  5 flayed ghosts
  18 lindwurms
  3 orc knights
  34 deep elf zephyrmancers
  A harpy (shapeshifter) (Abyss:3)
  6 necromancers
  37 ugly things
  37 deep elf pyromancers
  25 harpies
  A swamp dragon (shapeshifter) (Abyss:3)
  16 fauns
  3 shining eyes
  6 worldbinders (Abyss:3)
  7 orc sorcerers
  An iron dragon zombie (Depths:3)
  A shining eye (shapeshifter) (Depths:2)
  19 large abominations
  12 salamanders
  A tengu skeleton (Depths:3)
  2 draconians (Abyss:3)
  A will-o-the-wisp (Abyss:3)
  3 cyclopes
  19 moths of wrath
  A frost giant zombie (Vaults:1)
  An iron dragon skeleton (Vaults:4)
  23 manticores
  11 merfolk sirens
  15 centaur zombies
  A moth of wrath (shapeshifter) (Vaults:4)
  14 guardian serpents
  14 elephants
  Joseph (D:10)
  5 naga magi
  11 smoke demons
  An eye of devastation (shapeshifter) (Depths:4)
  3 water nymphs (Shoals:4)
  6 apocalypse crabs (Abyss:3)
  31 black mambas
  17 vault sentinels
  A molten gargoyle (Desolation)
  5 eyes of devastation
  5 cane toads
  4 unseen horrors
  4 orange demons
  20 yaktaurs
  2 kobold demonologists (D:11)
  2 hellions
  7 komodo dragons
  4 rime drakes
  3 tormentors (Abyss:3)
  2 freezing wraiths (Vaults:5)
  3 efreet
  An ice devil (Abyss:1)
  3 tengu conjurers
  Psyche (D:8)
  A human skeleton (Vaults:1)
  2 merfolk (shapeshifter)
  A red devil (Volcano)
  11 ancient zymes
  A harpy zombie (Abyss:3)
  9 trolls
  26 merfolk
  A tengu simulacrum (Vaults:4)
  43 saltlings (Desolation)
  3 hellwings (Abyss:3)
  11 wind drakes
  7 polar bears
  8 hornets
  21 blink frogs
  10 dream sheep
  8 snapping turtles
  A meliai zombie (D:11)
  A dream sheep (shapeshifter) (Vaults:5)
  6 glass eyes
  A raiju (shapeshifter) (D:15)
  9 raiju (Abyss:3)
  A jumping spider (shapeshifter) (Abyss:3)
  147 slime creatures
  16 water elementals
  5 shadows
  8 ynoxinuls
  6 vampires
  6 air elementals
  12 spriggans
  16 wraiths
  2 fire elementals
  3 basilisks
  6 humans (D:14)
  6 wyverns
  49 yaks
  A human (shapeshifter) (D:13)
  7 wargs
  5 vampire mosquitoes
  4 neqoxecs (Abyss:3)
  A golden eye (shapeshifter) (Abyss:3)
  A glowing shapeshifter zombie (Vaults:4)
  5 chaos spawn (Abyss:3)
  12 small abominations (Abyss:3)
  7 spatial vortices
  43 nagas
  3 acid dragons
  12 water moccasins
  2 hell hounds (Volcano)
  A spectral hornet (D:8)
  A sky beast (D:7)
  A swamp drake (Abyss:3)
  4 black bears
  A human zombie (Vaults:1)
  25 orc warriors
  3 ice beasts (D:8)
  22 laughing skulls (Abyss:3)
  8 ogres
  7 centaurs
  A boggart (Lair:5)
  29 wolves
  8 kobold brigands
  2 weeping skulls (Abyss:3)
  A brain worm (Abyss:3)
  9 bullfrogs
  3 earth elementals (Elf:3)
  2 scorpions
  4 wights
  A human simulacrum (Vaults:1)
  11 killer bees
  4 howler monkeys
  8 electric eels
  A crimson imp (Abyss:3)
  2 quasits (Abyss:3)
  2 jellies (Abyss:3)
  A gnoll bouda (D:7)
  45 orc priests
  29 starcursed masses (Abyss:3)
  3 iron imps (Abyss:3)
  A boggart zombie (D:11)
  An iguana (D:7)
  25 orc wizards
  A centaur simulacrum (D:8)
  A howler monkey zombie (D:8)
  3 gnolls (D:7)
  A howler monkey skeleton (D:8)
  10 adders
  6 river rats
  3 shadow imps
  3 white imps
  5 ufetubi (Abyss:3)
  3 dart slugs
  5 ribbon worms
  104 orcs
  7 bats
  6 endoplasms
  5 giant cockroaches
  11 goblins
  8 hobgoblins
  2 jackals (D:4)
  3 quokkas
  7 ball pythons
  3 frilled lizards
  26 kobolds
  6 rats
  An aspiring flesh (Zot:4)
  A spectral weapon (Zot:5)
  16 starspawn tentacles
2613 creatures vanquished.

Vanquished Creatures (collateral kills)
  Boris (Vaults:5)
  2 acid blobs (Slime:5)
  A tengu reaver (Vaults:5)
  An ironbound preserver (Vaults:5)
  2 quicksilver oozes (Slime:5)
  A deep troll (Vaults:5)
  A foxfire (Shoals:3)
9 creatures vanquished.

Vanquished Creatures (others)
  An ancient lich (Zot:5)
  2 golden dragons (Zot:2)
  A tentacled monstrosity (Zot:1)
  A quicksilver dragon (Zot:5)
  An Orb Guardian (Zot:5)
  A deep elf blademaster (Elf:3)
  A death cob (Zot:5)
  A shadow dragon (Zot:2)
  5 storm dragons
  2 fire giants
  A draconian knight (Zot:4)
  A frost giant (Vaults:5)
  A deep elf elementalist (Elf:3)
  A ghost moth (Zot:2)
  A deep elf death mage (Elf:3)
  A halazid warlock (Desolation)
  A red draconian (Zot:4)
  A black draconian (Zot:1)
  2 purple draconians
  2 white draconians
  A fire dragon (Zot:4)
  2 great orbs of eyes (Zot:4)
  A rakshasa (Abyss:3)
  A servant of whispers (Desolation)
  An ogre mage (Vaults:5)
  2 ragged hierophants (Desolation)
  A merfolk aquamancer (Shoals:4)
  2 death yaks (Lair:5)
  2 deep elf knights
  A flayed ghost (Depths:3)
  A harpy (Shoals:4)
  An ironbound convoker (Desolation)
  A deep elf zephyrmancer (Elf:3)
  A deep elf pyromancer (Elf:1)
  6 ugly things
  An elephant (Lair:3)
  9 moths of wrath
  A meliai (shapeshifter) (Vaults:5)
  A naga mage (Snake:3)
  A water nymph (Shoals:4)
  A merfolk siren (Shoals:1)
  A smoke demon (Abyss:3)
  A guardian serpent (Desolation)
  A kobold demonologist (D:11)
  2 saltlings (Desolation)
  3 dream sheep (Lair:5)
  A spriggan (Lair:5)
  3 yaks (Lair:5)
  A human (D:14)
  A chaos spawn (Abyss:3)
  An ice beast (D:8)
  2 orc warriors
  An ogre (Orc:1)
  A boggart (Lair:5)
  A weeping skull (Abyss:3)
  3 orc priests
  An orc wizard (D:12)
  3 orcs
  A ball lightning (Abyss:3)
  737 foxfires
  A lurking horror (Abyss:3)
  14 starspawn tentacles (Abyss:3)
846 creatures vanquished.

Grand Total: 3468 creatures vanquished

Notes
Turn   | Place    | Note
-------+----------+-------------------------------------------
     0 | D:5      | Khashishi the Human Delver began the quest for the Orb.
     0 | D:5      | Reached XP level 1. HP: 18/18 MP: 1/1
    36 | D:5      | Found a staircase to the Ecumenical Temple.
    45 | Temple   | Entered the Ecumenical Temple
   126 | Temple   | Became a worshipper of Elyvilon the Healer
   212 | D:5      | Noticed a hound
   251 | D:5      | Noticed a scorpion
   437 | D:1      | Reached XP level 2. HP: 23/24 MP: 2/2
   438 | D:1      | Reached * piety under Elyvilon
   506 | D:1      | Learned a level 1 spell: Foxfire
   951 | D:2      | Reached XP level 3. HP: 27/29 MP: 3/3
  1005 | D:2      | Reached skill level 1 in Conjurations
  1005 | D:2      | Reached skill level 1 in Invocations
  1036 | D:2      | Reached skill level 1 in Fire Magic
  1051 | D:2      | Reached ** piety under Elyvilon
  1315 | D:2      | Reached XP level 4. HP: 35/35 MP: 4/4
  1351 | D:2      | Found Ytoegivu's Magic Scroll Boutique.
  1359 | D:2      | Bought a scroll of teleportation for 33 gold pieces
  1359 | D:2      | Bought a scroll of blinking for 82 gold pieces
  1878 | D:3      | Reached XP level 5. HP: 38/41 MP: 1/5
  1935 | D:3      | Found a hazy altar of Hepliaklqana.
  1964 | D:3      | Found Ine Onac's Armour Boutique.
  2257 | D:3      | Reached skill level 1 in Spellcasting
  2764 | D:4      | Reached XP level 6. HP: 47/47 MP: 5/8
  2773 | D:4      | Noticed a black bear
  2778 | D:4      | Pacified a black bear
  2779 | D:4      | Reached skill level 2 in Invocations
  2974 | D:5      | Found a glowing silver altar of Zin.
  3022 | D:5      | Reached skill level 3 in Invocations
  3131 | D:6      | Identified the +1 leather armour of Lehiegry {-Cast +Inv
                  | Str-5 SInv}
  3159 | D:6      | Noticed a black bear
  3233 | D:6      | Found a glowing drain.
  3278 | Sewer    | Entered a sewer
  3333 | Sewer    | Reached XP level 7. HP: 52/52 MP: 7/10
  3439 | Sewer    | Reached *** piety under Elyvilon
  3537 | Sewer    | Reached skill level 1 in Armour
  3609 | Sewer    | Reached skill level 4 in Invocations
  4044 | D:6      | Reached XP level 8. HP: 36/60 MP: 6/12
  4067 | D:7      | Noticed a hornet
  4072 | D:7      | Pacified a hornet
  4073 | D:7      | Pacified a hornet
  4385 | D:7      | Reached skill level 5 in Invocations
  4386 | D:7      | Noticed a hornet
  4387 | D:7      | Pacified a hornet
  4388 | D:7      | Reached skill level 5 in Fighting
  4469 | D:7      | Reached skill level 5 in Dodging
  4469 | D:7      | Reached XP level 9. HP: 62/68 MP: 1/13
  4505 | D:7      | Was placed under penance by Elyvilon
  4609 | D:7      | Reached skill level 6 in Invocations
  4727 | D:7      | Was forgiven by Elyvilon
  5040 | D:8      | Found a runed translucent gate.
  5046 | D:8      | Found a runed translucent gate.
  5048 | D:8      | Noticed Psyche
  5052 | D:8      | Reached skill level 1 in Polearms
  5053 | D:8      | Noticed a polar bear
  5055 | D:8      | Pacified a polar bear
  5056 | D:8      | Reached skill level 7 in Invocations
  5068 | D:8      | Killed Psyche
  5160 | D:8      | Found a staircase to the Lair.
  5161 | D:8      | Noticed a rime drake
  5172 | D:8      | Killed a rime drake
  5191 | D:8      | Reached XP level 10. HP: 79/79 MP: 1/15
  5214 | D:8      | Noticed Erica
  5282 | D:8      | Was placed under penance by Elyvilon
  5337 | D:8      | Found a runed translucent gate.
  5399 | D:8      | Noticed Faeranduil's ghost (novice OpAl)
  5455 | D:8      | Was forgiven by Elyvilon
  5746 | D:8      | Found Xiboac's Serpentskin Sales.
  5768 | D:8      | Reached skill level 8 in Invocations
  5902 | Lair:1   | Entered Level 1 of the Lair of Beasts
  5978 | Lair:1   | HP: 4/80 [komodo dragon (5)]
  6020 | Lair:1   | Noticed a black mamba
  6142 | Lair:1   | Noticed a cane toad
  6143 | Lair:1   | Pacified a cane toad
  6144 | Lair:1   | Reached skill level 5 in Polearms
  6186 | Lair:1   | Reached skill level 9 in Invocations
  6213 | Lair:1   | Noticed a cane toad
  6214 | Lair:1   | Pacified a cane toad
  6215 | Lair:1   | Reached XP level 11. HP: 79/87 MP: 11/17
  6896 | Lair:3   | Reached skill level 10 in Invocations
  6986 | Lair:3   | Reached skill level 10 in Fighting
  7155 | Lair:3   | Reached skill level 11 in Invocations
  7167 | Lair:3   | Reached XP level 12. HP: 52/98 MP: 10/20
  7259 | Lair:3   | Found a staircase to the Snake Pit.
  7314 | Lair:3   | Found a dark tunnel.
  7327 | Volcano  | Entered a volcano
  7591 | Lair:3   | Reached skill level 1 in Maces & Flails
  7626 | Lair:3   | Reached skill level 5 in Armour
  7931 | Lair:2   | Found a staircase to the Shoals.
  8107 | Lair:2   | Noticed Amaemon
  8222 | Lair:4   | Reached **** piety under Elyvilon
  8589 | Lair:4   | Reached skill level 5 in Maces & Flails
  8703 | Lair:4   | Reached skill level 12 in Invocations
  8703 | Lair:4   | Reached XP level 13. HP: 90/104 MP: 18/22
  9074 | Lair:5   | Entered Level 5 of the Lair of Beasts
  9153 | Lair:5   | Reached skill level 13 in Invocations
  9192 | Lair:5   | Found a viscous altar of Jiyva.
  9193 | Lair:5   | Found a staircase to the Slime Pits.
  9194 | Lair:5   | Identified the +9 arbalest of the Reaper {speed, rPois rC+
                  | Str-3 SInv}
  9254 | Lair:5   | Reached skill level 1 in Ranged Weapons
  9634 | Lair:5   | Got an earthy gem with 195 turns to spare
 10754 | Lair:5   | Reached XP level 14. HP: 65/113 MP: 24/24
 10962 | Lair:5   | Reached skill level 14 in Invocations
 12519 | D:2      | Bought a scroll of acquirement for 572 gold pieces
 12519 | D:2      | Bought a scroll of enchant weapon for 82 gold pieces
 12729 | Lair:1   | Acquired the ring "Gaideinunt" {rElec rF+ Str+2 Int+6}
 12780 | D:8      | Killed Erica
 12969 | D:10     | Entered Level 10 of the Dungeon
 12969 | D:10     | Found a burning altar of Makhleb.
 13113 | D:9      | Found a burning altar of Makhleb.
 13244 | D:9      | Reached skill level 1 in Shields
 13352 | D:9      | Found a shimmering altar of Xom.
 13370 | D:9      | Learned a level 2 spell: Blink
 13677 | D:10     | Identified the +1 scale mail of Kuakh {Dex+3}
 14091 | D:10     | Found a radiant altar of Vehumet.
 14202 | D:10     | Noticed Joseph
 14234 | D:10     | Killed Joseph
 14504 | D:11     | Found a staircase to the Orcish Mines.
 14519 | Orc:1    | Entered Level 1 of the Orcish Mines
 14996 | Orc:2    | Entered Level 2 of the Orcish Mines
 15039 | Orc:2    | Found a staircase to the Elven Halls.
 15209 | Orc:2    | Reached ***** piety under Elyvilon
 15213 | Orc:2    | Found Itylode's General Store.
 15257 | Orc:2    | Found Hiliele's Armour Emporium.
 15257 | Orc:2    | Found Naxu's Assorted Antiques.
 15272 | Orc:2    | Found Daqeunom's Magic Scroll Shoppe.
 15286 | Orc:2    | Paralysed by an orc sorcerer for 3 turns
 15646 | Orc:2    | Reached XP level 15. HP: 114/122 MP: 26/26
 15676 | Orc:2    | Found Leylaxka's Weapon Emporium.
 15698 | Orc:2    | Bought a scroll of enchant weapon for 82 gold pieces
 15712 | Orc:2    | Bought a scroll of blinking for 255 gold pieces
 15712 | Orc:2    | Bought a fuming red potion for 30 gold pieces
 15712 | Orc:2    | Bought a scroll of enchant weapon for 255 gold pieces
 15712 | Orc:2    | Bought a sapphire potion for 30 gold pieces
 15714 | Orc:2    | Bought the +5 moon troll leather armour {Spirit, Regen++
                  | MP+5} for 952 gold pieces
 15714 | Orc:2    | Found the +5 moon troll leather armour {Spirit, Regen++
                  | MP+5}
 15730 | Orc:2    | Bought a scroll of vulnerability for 44 gold pieces
 15836 | D:11     | Reached skill level 5 in Shields
 15857 | D:11     | Reached skill level 1 in Translocations
 15872 | D:11     | Reached skill level 10 in Maces & Flails
 16301 | D:14     | Reached skill level 15 in Invocations
 16400 | D:14     | Learned a level 2 spell: Momentum Strike
 16402 | D:14     | Learned a level 1 spell: Apportation
 16405 | D:14     | Learned a level 2 spell: Lesser Beckoning
 16406 | D:14     | Identified the +2 pair of gloves "Gemp" {Will++ Dex+3}
 16431 | D:15     | Entered Level 15 of the Dungeon
 16697 | D:15     | Found a staircase to the Depths.
 16697 | D:15     | Noticed a fire giant
 16715 | D:15     | Killed a fire giant
 16718 | D:15     | Got a smoky gem with 538 turns to spare
 16896 | D:15     | Identified the +0 hat of Ignis's Condemnation {rC+ Regen+
                  | Dex+3}
 17035 | D:14     | Noticed Jorgrun
 17067 | D:14     | Killed Jorgrun
 17155 | D:14     | Learned a level 3 spell: Teleport Other
 17160 | D:14     | Learned a level 4 spell: Manifold Assault
 17707 | D:13     | Acquired a manual of Maces & Flails
 18066 | D:12     | Found Wausuyfag's Magic Scroll Shop.
 18079 | D:12     | Bought a scroll of enchant weapon for 112 gold pieces
 18230 | D:12     | Reached XP level 16. HP: 129/129 MP: 27/27
 19042 | D:8      | Killed Faeranduil's ghost
 19068 | D:8      | Identified the +0 pair of gloves of Incorporation {Int+3
                  | SInv}
 19240 | D:11     | Noticed Gastronok
 19274 | D:11     | Reached skill level 5 in Translocations
 19291 | D:11     | Killed Gastronok
 19528 | D:11     | Noticed Josephine
 19533 | D:11     | Killed Josephine
 19534 | D:11     | Reached skill level 16 in Invocations
 19869 | D:14     | Found a gate to the Vaults.
 19924 | D:14     | Identified the +1 tower shield of Cuguwaan {Int+4}
 20013 | D:14     | Found Utobbab's Distillery.
 20028 | D:14     | Bought 2 potions of haste for 280 gold pieces
 20028 | D:14     | Bought a potion of attraction for 42 gold pieces
 20028 | D:14     | Bought a potion of invisibility for 112 gold pieces
 20781 | Shoals:1 | Entered Level 1 of the Shoals
 20881 | Shoals:1 | Reached skill level 15 in Maces & Flails
 21316 | Shoals:2 | Noticed Polyphemus
 21602 | Shoals:2 | Reached XP level 17. HP: 108/135 MP: 14/29
 21967 | Shoals:4 | Entered Level 4 of the Shoals
 22077 | Shoals:4 | Found Seelogiz's Antique Armour Shop.
 22092 | Shoals:4 | Reached skill level 17 in Invocations
 22152 | Shoals:4 | Identified the +5 plate armour "Sadih" {Fly rC++ Str+2
                  | Dex-4}
 22314 | Shoals:4 | Got an azure gem with 320 turns to spare
 22380 | Shoals:4 | Got a barnacled rune of Zot
 22427 | Shoals:4 | Identified the staff "Killer Bee's Curse" {rPois Str+4 Summ
                  | Alchemy}
 22653 | Shoals:4 | Identified the +8 short sword of the Lame Duck {speed,
                  | rElec Str+2 Dex-4}
 22815 | Shoals:4 | Noticed Roxanne
 23197 | Shoals:4 | Learned a level 6 spell: Dispersal
 23238 | Shoals:4 | Killed Roxanne
 23663 | Shoals:2 | Noticed Ilsuiw
 23715 | Shoals:2 | Killed Ilsuiw
 24353 | Shoals:1 | Reached XP level 18. HP: 145/145 MP: 26/30
 24826 | Shoals:1 | You are sucked into a shaft and drop 1 floor!
 24936 | Shoals:2 | Killed Polyphemus
 25020 | Lair:2   | Killed Amaemon
 25152 | Snake:1  | Entered Level 1 of the Snake Pit
 25483 | Snake:1  | Reached skill level 18 in Invocations
 25741 | Snake:2  | Reached skill level 10 in Translocations
 25835 | Snake:2  | Reached skill level 10 in Shields
 25965 | Snake:2  | Found Quschotwi's Firing Range.
 26027 | Snake:4  | Entered Level 4 of the Snake Pit
 26084 | Snake:3  | Found Fecot's Weapon Shop.
 26468 | Snake:4  | Found Wimoatt's Book Shop.
 26472 | Snake:4  | Found Idi Okhle's Jewellery Boutique.
 26473 | Snake:4  | Found Doinigo's Armour Shop.
 26594 | Snake:4  | Reached XP level 19. HP: 153/153 MP: 28/32
 26787 | Snake:4  | Got a jade gem with 791 turns to spare
 26847 | Snake:4  | Got a serpentine rune of Zot
 26948 | Snake:4  | Identified the +4 quarterstaff "Pinwiamp" {drain, Will+
                  | rCorr}
 27337 | Snake:3  | Reached skill level 15 in Fighting
 27528 | Snake:3  | Found Wijistuu's Book Shoppe.
 27528 | Snake:3  | Found Ocyal's Jewellery Shop.
 27529 | Snake:3  | Found Zeonoghe's Jewellery Shop.
 28954 | Elf:1    | Entered Level 1 of the Elven Halls
 29206 | Elf:1    | Reached skill level 19 in Invocations
 29294 | Elf:2    | Acquired a ring of positive energy
 29315 | Elf:3    | Entered Level 3 of the Elven Halls
 29414 | Elf:2    | Identified the orb "Happeowost" {mayhem, rN+++ Will- Dex-4
                  | Necro}
 29672 | Elf:3    | Paralysed by an air elemental for 1 turns
 29728 | Elf:3    | Reached ****** piety under Elyvilon
 29730 | Elf:3    | Paralysed by an air elemental for 1 turns
 29766 | Elf:3    | Paralysed by an air elemental for 1 turns
 29861 | Elf:3    | Reached skill level 10 in Dodging
 29861 | Elf:3    | Reached XP level 20. HP: 161/228 MP: 23/46
 29956 | Elf:3    | Got a shimmering gem with 834 turns to spare
 29976 | Elf:3    | Got the Codex of the Collective Scorpion
 30014 | Elf:3    | Identified the +7 quarterstaff "Houwa" {antimagic, Fly
                  | rPois rC- Dex+9}
 30062 | Elf:3    | Acquired 273 gold pieces
 30067 | Elf:3    | Got the Spellbook of the Gargoyle and Bruises
 30077 | Elf:3    | Got the Codex of Conjured Glamour
 30109 | Elf:3    | Got the Volume of Disjunct Blasting
 30851 | Elf:2    | Found a runed translucent gate.
 30852 | Elf:2    | Found a runed translucent gate.
 30852 | Elf:2    | Found a runed translucent gate.
 31046 | Elf:1    | Paralysed by an air elemental for 1 turns
 32644 | Vaults:1 | Entered Level 1 of the Vaults
 32683 | Vaults:1 | Reached skill level 20 in Invocations
 32898 | Vaults:2 | Found a staircase to the Crypt.
 32898 | Vaults:2 | Found a basalt altar of Yredelemnul.
 32899 | Vaults:2 | Found an ancient bone altar of Kikubaaqudgha.
 32918 | Vaults:2 | Reached XP level 21. HP: 172/172 MP: 27/35
 33149 | Vaults:2 | Found a crumbling gateway.
 33169 | Desolati | Entered the Desolation of Salt
 33277 | Desolati | Identified the +5 great mace "Gup Beaf" {freeze, ^Fragile
                  | rC++ Will- Str+2}
 33328 | Desolati | Identified the +6 dagger "Aceth" {venom, rPois rC++}
 33328 | Desolati | Identified the +3 robe "Ymekef" {Will- Dex+10}
 33391 | Desolati | Identified the +8 halberd "Raisin" {antimagic, Will- Str+5}
 33427 | Desolati | Got Wodghead's Information on Incandescent Vapour
 33610 | Desolati | Identified the ring "Zuigh" {*Corrode rPois rN+ EV+5 Dex+3
                  | Slay+4}
 33692 | Desolati | Got the Exposition on Impulse
 33699 | Desolati | Identified the +2 leather armour of the Ecumenical Temple
                  | {Str+5}
 33706 | Desolati | Identified the ring "Bidist" {rCorr Str+6 Int+5}
 34070 | Vaults:2 | Found a portal to a secret trove of treasure.
 34438 | Vaults:3 | Noticed Norris
 34457 | Vaults:3 | Killed Norris
 34643 | Vaults:3 | Identified the amulet of Mubuzis {Faith rPois rC- rCorr}
 34733 | Vaults:4 | Reached XP level 22. HP: 183/183 MP: 6/36
 35013 | Vaults:4 | Reached skill level 15 in Translocations
 35110 | Vaults:5 | Entered Level 5 of the Vaults
 35116 | Vaults:5 | Reached skill level 21 in Invocations
 35138 | Vaults:5 | Noticed a golden dragon
 35144 | Vaults:5 | Pacified a golden dragon
 35145 | Vaults:5 | Noticed Boris
 35146 | Vaults:5 | Noticed a dread lich
 35146 | Vaults:5 | Noticed a dread lich
 35160 | Vaults:5 | Killed Boris
 35162 | Vaults:5 | Noticed a dread lich
 35183 | Vaults:4 | Killed a dread lich
 35240 | Vaults:4 | Identified the +3 mace of Fragile Peace {speed, *Corrode
                  | +Blink Int+3}
 35351 | Vaults:4 | Killed a dread lich
 35437 | Vaults:4 | Killed a dread lich
 35471 | Vaults:5 | Noticed a dread lich
 35476 | Vaults:5 | Noticed a dread lich
 35479 | Vaults:5 | Identified the amulet "Ozxob" {Regen+ Dex+3}
 35482 | Vaults:4 | Killed a dread lich
 35536 | Vaults:4 | Reached XP level 23. HP: 258/271 MP: 51/51
 35545 | Vaults:4 | Reached skill level 22 in Invocations
 35575 | Vaults:5 | Identified the +10 scimitar of the World {elec, Int+2
                  | Dex+7}
 35589 | Vaults:4 | Killed a dread lich
 35679 | Vaults:5 | Noticed a golden dragon
 35682 | Vaults:5 | Pacified a golden dragon
 35903 | Vaults:5 | Got the Vellum of Obstruction
 35934 | Vaults:5 | Noticed Xtahua
 35959 | Vaults:5 | Killed Xtahua
 36200 | Vaults:5 | Identified the staff of the Flying Gods {rCorr Earth}
 36268 | Vaults:5 | Noticed a golden dragon
 36278 | Vaults:5 | Killed a golden dragon
 36320 | Vaults:5 | Reached skill level 23 in Invocations
 36468 | Vaults:5 | Noticed a golden dragon
 36481 | Vaults:5 | Killed a golden dragon
 36525 | Vaults:5 | Got a shining gem with 712 turns to spare
 36530 | Vaults:5 | Got a silver rune of Zot
 36531 | Vaults:5 | Identified the ring of Paleuq {Wiz rPois}
 37436 | Vaults:4 | Found a transporter.
 37581 | Vaults:4 | Found Temataif's Armour Shop.
 37606 | Vaults:4 | Found a transporter.
 38539 | Vaults:2 | Identified the +1 arbalest of the Foremost Hosts {penet,
                  | Int+6 SInv}
 38864 | Vaults:2 | Reached XP level 24. HP: 206/206 MP: 38/38
 39127 | Vaults:1 | Found Yjaumn's Assorted Antiques.
 39871 | Depths:1 | Entered Level 1 of the Depths
 39881 | Depths:1 | Found a magical portal.
 39898 | Depths:1 | Found a one-way gate leading to the halls of Pandemonium.
 39904 | WizLab   | Entered Tukima's Studio
 39979 | WizLab   | Identified the +9 hand cannon of the Lurker {penet, MP+9
                  | Str+3 Int+3 SInv}
 40325 | WizLab   | Noticed Khashishi's illusion
 40386 | WizLab   | Identified the +1 hat of Neveo {Harm rElec Will- Dex-3}
 40541 | Depths:1 | Found a one-way gateway to a ziggurat.
 40613 | Depths:1 | Found a gateway to Hell.
 40653 | Depths:1 | Found Mieru's Antique Weapon Shoppe.
 40684 | Depths:1 | Reached skill level 24 in Invocations
 40704 | Depths:1 | Found a broken altar of Ashenzari.
 40844 | Depths:2 | Noticed Bai Suzhen
 40868 | Depths:2 | Killed Bai Suzhen
 40880 | Depths:2 | Noticed Boris
 40890 | Depths:2 | Killed Boris
 40891 | Depths:2 | Reached skill level 10 in Armour
 40974 | Depths:3 | Found Toxe's Magic Scroll Shop.
 40985 | Depths:3 | Found Nosudaam's General Store.
 41016 | Depths:3 | Bought a scroll of blinking for 165 gold pieces
 41016 | Depths:3 | Bought a scroll of immolation for 88 gold pieces
 41016 | Depths:3 | Bought a scroll of immolation for 88 gold pieces
 41020 | Depths:3 | Found Yheplisk's Jewellery Shoppe.
 41020 | Depths:3 | Found Zuklug's Armour Emporium.
 41025 | Depths:3 | Found Dimuqiel's Magic Scroll Emporium.
 41247 | Depths:4 | Entered Level 4 of the Depths
 41424 | Depths:4 | Reached XP level 25. HP: 215/215 MP: 15/39
 41461 | Depths:4 | Found a gate to the Realm of Zot.
 41483 | Depths:4 | Got a midnight gem with 1961 turns to spare
 41660 | Depths:4 | Found a one-way gate to the infinite horrors of the Abyss.
 41954 | Depths:3 | Noticed Boris
 41966 | Depths:3 | Killed Boris
 42171 | Depths:3 | Identified the +5 hand axe of Slime {elec, *Corrode Str+4
                  | Int+2}
 42862 | Depths:2 | Reached skill level 15 in Shields
 42880 | Depths:2 | Found the +3 greatsling "Punk" {acid, rCorr}
 43541 | Depths:2 | Found a corrupted altar of Lugonu.
 43815 | Depths:1 | Found a bloodstained altar of Trog.
 44289 | Depths:2 | Voluntarily entered the Abyss.
 44310 | Abyss:1  | Found a corrupted altar of Lugonu.
 44427 | Depths:2 | Escaped the Abyss
 44429 | Depths:2 | Voluntarily entered the Abyss.
 44554 | Abyss:3  | Found a corrupted altar of Lugonu.
 44675 | Abyss:3  | Found a corrupted altar of Lugonu.
 44677 | Abyss:3  | Found a corrupted altar of Lugonu.
 44677 | Abyss:3  | Found a corrupted altar of Lugonu.
 44985 | Abyss:3  | Paralysed by accursed screaming for 1 turns
 45026 | Abyss:3  | Found a corrupted altar of Lugonu.
 45048 | Abyss:3  | Found a corrupted altar of Lugonu.
 45296 | Abyss:3  | Reached XP level 26. HP: 224/224 MP: 39/39
 45331 | Abyss:3  | Found a corrupted altar of Lugonu.
 45331 | Abyss:3  | Noticed a dread lich
 45350 | Abyss:3  | Found a corrupted altar of Lugonu.
 45360 | Abyss:3  | Found a corrupted altar of Lugonu.
 45456 | Abyss:3  | Gained mutation: You are dopey. (Int -2) [a shining eye]
 45587 | Abyss:3  | Reached skill level 5 in Spellcasting
 45869 | Abyss:3  | Killed a dread lich
 45870 | Abyss:3  | Reached skill level 25 in Invocations
 45991 | Abyss:3  | Found a corrupted altar of Lugonu.
 46029 | Abyss:3  | Found a corrupted altar of Lugonu.
 46099 | Abyss:3  | Found a corrupted altar of Lugonu.
 46100 | Abyss:3  | Found a corrupted altar of Lugonu.
 46100 | Abyss:3  | Found a corrupted altar of Lugonu.
 46254 | Abyss:3  | Found a transporter.
 46316 | Abyss:3  | Found a transporter.
 46317 | Abyss:3  | Got an abyssal rune of Zot
 46330 | Abyss:3  | Found a transporter.
 46347 | Abyss:3  | Found a transporter.
 46542 | Depths:2 | Escaped the Abyss
 46816 | Slime:1  | Entered Level 1 of the Pits of Slime
 46846 | Slime:2  | Noticed Dissolution
 46938 | Slime:1  | Killed Dissolution
 47054 | Slime:5  | Entered Level 5 of the Pits of Slime
 47144 | Slime:5  | Noticed the Royal Jelly
 47230 | Slime:5  | Killed the Royal Jelly
 47231 | Slime:5  | Reached XP level 27. HP: 274/337 MP: 39/56
 47350 | Slime:5  | Got a starry gem with 137 turns to spare
 47398 | Slime:5  | Got a slimy rune of Zot
 47461 | Slime:5  | Identified the ring of Igroc {rPois rF+++ rN+ Will+ Int-4}
 47746 | Slime:5  | Identified the +0 leather armour of Conscience {rElec
                  | Str+5}
 48435 | D:15     | Lost mutation: You are dopey. (Int -2) [potion of mutation]
 48435 | D:15     | Gained mutation: You are partially covered in iridescent
                  | scales. (AC +2) [potion of mutation]
 48502 | Zot:1    | Entered Level 1 of the Realm of Zot
 48714 | Zot:1    | Reached skill level 15 in Dodging
 48837 | Zot:2    | Found a transporter.
 48837 | Zot:2    | Found the +0 mask of the Dragon {Will+ Slay+3 SInv}
 49184 | Zot:5    | Entered Level 5 of the Realm of Zot
 49257 | Zot:5    | Got a prismatic gem with 299 turns to spare
 49362 | Zot:4    | Reached skill level 26 in Invocations
 49869 | Zot:5    | Found a transporter.
 50354 | Depths:3 | Bought a scroll of enchant weapon for 127 gold pieces
 50356 | Depths:3 | Bought a scroll of teleportation for 51 gold pieces
 50356 | Depths:3 | Bought a scroll of fear for 68 gold pieces
 50356 | Depths:3 | Bought a scroll of teleportation for 51 gold pieces
 50362 | Depths:3 | Bought a scroll of teleportation for 42 gold pieces
 50362 | Depths:3 | Bought 2 potions of invisibility for 224 gold pieces
 50362 | Depths:3 | Bought a potion of mutation for 112 gold pieces
 50716 | Zot:1    | Reached skill level 15 in Armour
 50907 | Zot:2    | Found a transporter.
 52557 | Zot:5    | Found a transporter.
 52583 | Zot:5    | Noticed Sebriys's ghost (legendary TrBe)
 52694 | Zot:5    | Noticed an ancient lich
 52723 | Zot:5    | Killed an ancient lich
 52735 | Zot:5    | Noticed an orb of fire
 52739 | Zot:5    | Gained mutation: Your body sometimes deteriorates upon
                  | taking damage. [an orb of fire]
 52748 | Zot:5    | Gained mutation: You are robust. (+10% HP) [an orb of fire]
 52754 | Zot:5    | Killed an orb of fire
 52764 | Zot:5    | Noticed an ancient lich
 52764 | Zot:5    | Noticed a dread lich
 52773 | Zot:5    | Noticed an orb of fire
 52781 | Zot:5    | Killed a dread lich
 52781 | Zot:5    | Gained mutation: You occasionally lose the ability to read
                  | scrolls when taking damage. [an orb of fire]
 52790 | Zot:5    | Gained mutation: Your body often deteriorates upon taking
                  | damage. [an orb of fire]
 52805 | Zot:5    | Killed an orb of fire
 52817 | Zot:5    | Killed an ancient lich
 52922 | Zot:5    | Noticed a dread lich
 52925 | Zot:5    | Noticed an ancient lich
 52941 | Zot:5    | Killed a dread lich
 52955 | Zot:5    | Killed an ancient lich
 52961 | Zot:5    | Noticed a dread lich
 52979 | Zot:5    | Killed a dread lich
 53081 | Zot:5    | Noticed an orb of fire
 53099 | Zot:5    | Gained mutation: You sometimes lose the ability to read
                  | scrolls when taking damage. [an orb of fire]
 53101 | Zot:5    | Killed an orb of fire
 53323 | Zot:5    | Noticed an orb of fire
 53332 | Zot:5    | Killed an orb of fire
 53732 | Depths:4 | Voluntarily entered the Abyss.
 53785 | Depths:4 | Escaped the Abyss
 53787 | Depths:4 | Voluntarily entered the Abyss.
 53875 | Abyss:3  | Found a corrupted altar of Lugonu.
 53931 | Depths:4 | Escaped the Abyss
 53933 | Depths:4 | Voluntarily entered the Abyss.
 53959 | Depths:4 | Escaped the Abyss
 53961 | Depths:4 | Voluntarily entered the Abyss.
 53990 | Abyss:3  | Found a corrupted altar of Lugonu.
 54015 | Abyss:3  | Reached skill level 27 in Invocations
 54051 | Depths:4 | Escaped the Abyss
 54053 | Depths:4 | Voluntarily entered the Abyss.
 54053 | Abyss:3  | Found a corrupted altar of Lugonu.
 54101 | Abyss:3  | Found a corrupted altar of Lugonu.
 54148 | Abyss:3  | Learned a level 4 spell: Passage of Golubria
 54157 | Abyss:3  | Learned a level 8 spell: Disjunction
 54257 | Depths:4 | Escaped the Abyss
 54432 | Zot:5    | Got the Orb of Zot
 54688 | D:10     | Noticed Pexaudun the pandemonium lord
 54713 | D:10     | Killed Pexaudun the pandemonium lord
 55007 | D:$      | Escaped with the Orb!

Illustrated notes

Levels and vault maps discovered:
D:1:      minmay_arrival_four_circles, layout_rooms
D:2:      layout_basic, serial_shops, shop_fountains
D:3:      layout_basic, lemuel_tele_altar, serial_shops, shop,
          kennysheep_generic_room_3
D:4:      corexii_shack_village, layout_basic
D:5:      layout_gridville, zin_statuary, nicolae_overflow_crystal_walls,
          minmay_temple_entry_slanted, uniq_ijyb
D:6:      layout_basic, portal_sewer_entry_b, minmay_hedge_maze
D:7:      layout_rooms, minmay_between
D:8:      layout_gridville, hellmonk_lair_entry_icy, gammafunk_ghost_necromancy,
          guppyfry_shop_venom, uniq_psyche, uniq_erica
D:9:      layout_basic, lemuel_coloured_pillars_altar, amcnicky_altar_gilded
D:10:     layout_basic, hangedman_feature_mirror, wad_rectangle_vault,
          uniq_joseph
D:11:     layout_long_grid, erik_orc_2, serial_undead, serial_undead_a,
          serial_undead_a, serial_undead_e, serial_undead_d, serial_undead_e,
          serial_undead_d, serial_undead_b, serial_undead_b, serial_undead_e,
          serial_undead_a, special_room [special_room_orc],
          minmay_alternating_orb, uniq_gastronok, uniq_josephine
D:12:     layout_loops_ring, serial_shops, shop, nooodl_orcs_dogs
D:13:     layout_grid_maze
D:14:     layout_rooms, ximxim_vaults_locker_room, serial_shops,
          nicolae_shop_statue_plus, elves_outpost_lemuel, uniq_jorgrun
D:15:     grunt_enter_depths_giant_problem, layout_loops_ring,
          minmay_misc_feat_secret_circle, grunt_decor_resistance
Temple:   minmay_crystal_spiral_temple
Lair:1:   layout_gridlike
Lair:2:   layout_small_grid, elwin_shoals_entry_rocks, lemuel_fruit_tree,
          infiniplex_staircase_pool, lemuel_fruit_fields, uniq_amaemon
Lair:3:   layout_small_grid, guppyfry_snake_entry_garden,
          nicolae_volcano_entry_two_sided
Lair:4:   layout_regular_city, grunt_megastairs_1
Lair:5:   minmay_lair_end_enchanted_forest, layout_loops_ring, slime_entry_1,
          cheibrodos_lair_lostbears, lemuel_fruit_fields, grunt_megastairs_4
Shoals:1: layout_shoals, st_sunken_huts
Shoals:2: layout_shoals, uniq_ilsuiw, uniq_polyphemus
Shoals:3: layout_shoals
Shoals:4: shoals_end_grunt_ice, layout_shoals, shoals_ilsuiw_ice, serial_shops,
          nicolae_shop_competitors_out_of_business, uniq_roxanne
Snake:1:  layout_chambers
Snake:2:  layout_misc_corridors, nicolae_shop_firing_range
Snake:3:  layout_basic, serial_shops, nicolae_shop_bloodbath_and_beyond,
          nicolae_snake_snakes_in_the_grass, serial_bayou_shore_b,
          minmay_shop_grove
Snake:4:  johnstein_snake_rune_scales, layout_basic, minmay_shop_star,
          grunt_megastairs_5
Slime:1:  layout_caves
Slime:2:  layout_caves, dissolution_awaits
Slime:3:  layout_caves
Slime:4:  layout_caves
Slime:5:  slime_pit_nicolae_inversion
Orc:1:    cheibrodos_orc_guarddog, layout_caves
Orc:2:    st_orc_mages, layout_caves, serial_shops,
          nicolae_shop_tiny_statue_garden
Elf:1:    layout_geoelf_diagonals, minmay_elf_crystal_heptagon
Elf:2:    nicolae_elf_blades_crystal_corner, layout_gridlike
Elf:3:    elf_hall, layout_gridlike, grunt_megastairs_2
Vaults:1: nicolae_vaults_sesquioval_fish, nicolae_vaults_little_ls,
          nicolae_vaults_quartermaster, ontoclasm_vaults_claustrophobia,
          nicolae_vaults_trapezoid_layered, hangedman_vaults_impose,
          nicolae_vaults_six-pack, nicolae_vaults_wine_cellar,
          vaults_room_pools, nicolae_vaults_tetromino_Z_1,
          nicolae_vaults_house_1, layout_vaults_omnicross, serial_shops, shop
Vaults:2: portal_desolation_entry_twin_temple, vaults_mumra_hexcomb,
          nicolae_vaults_trapezoid_layered, nicolae_vaults_yaktaur_gun_rack,
          hangedman_vaults_corner_blocks, minmay_crypt_entry_necro_gods,
          vaults_room_pool, vaults_mumra_minichess_inversion,
          vaults_room_stairs_pillars, nicolae_vaults_tetromino_L_2,
          vaults_dpeg_emergency_exit, layout_vaults_quadrants,
          nicolae_trove_entry_free_sample
Vaults:3: nicolae_vaults_turnstiles, v_misc_29, ontoclasm_vaults_idyll,
          nicolae_vaults_surprise_closet, ontoclasm_vaults_ring_square,
          nicolae_vaults_tetromino_T_1, nicolae_vaults_storage_room_statues,
          nicolae_vaults_trapezoid_lopsided_4, v_misc_25,
          nicolae_vaults_more_shelving_2, grunt_vaults_focal, v_misc_12,
          nicolae_vaults_trapezoid_3, nicolae_vaults_murder_corner,
          nicolae_vaults_oval_intersection, layout_vaults_ring, uniq_norris
Vaults:4: v_misc_15, v_misc_3, nicolae_vaults_three_branches,
          hangedman_vaults_locks, nicolae_vaults_double_plus_2,
          vaults_room_fours, nicolae_vaults_tetromino_L_1,
          nicolae_vaults_little_squares_4, nicolae_vaults_two_Ls,
          nicolae_vaults_antechamber_and_loot_room, v_misc_4,
          nicolae_vaults_trapezoid_lopsided_3, layout_vaults_chaotic_city,
          serial_shops, nicolae_shop_drivethru
Vaults:5: uniq_boris, uniq_xtahua
Depths:1: layout_gridlike, enter_ziggurat_a, lightli_enter_wizlab_magi_temple,
          grunt_hell_horde, serial_shops, nicolae_shop_advertising_works
          [nicolae_subvault_shop_adworks], evilmike_ruin_ashenzari, pan_entry,
          trog_three_pillars_becter
Depths:2: hangedman_cross_cluster, layout_basic, rand_demon_pan_entry_1,
          abyss_entry_flame_altar, pf_hell_entry_great_geh,
          serial_bayou_shore_b, uniq_bai_suzhen
Depths:3: minmay_broken_ring, layout_cave_shapes, serial_rivers,
          chequers_serial_rivers_micro_d, chequers_serial_rivers_small_b,
          chequers_serial_rivers_small_a, chequers_serial_rivers_small_3,
          abyss_entry_small_statue_room, hellmouth_1, serial_shops, shop,
          minmay_shoptagon, minmay_staircase_bubble, firewood_loft
Depths:4: grunt_x_marks_the_spot, layout_honeycomb, hell_entry,
          abyss_entry_glasseish
Zot:1:    layout_misc_corridors, st_single_dragon_hoard_4,
          regret_index_zotdec_ex
Zot:2:    layout_basic, chequers_guarded_unrand_mask_of_the_dragon
Zot:3:    layout_gridlike
Zot:4:    layout_gridlike, zot_minivault_1
Zot:5:    layout_cathedral_of_symmetry, gammafunk_ghost_berserking_beasts

Skill      XL: |  1  2  3  4  5  6  7  8  9 10 11 12 13 14 15 16 17 18 19 20 21 22 23 24 25 26 27 |
---------------+----------------------------------------------------------------------------------+-----
Conjurations   | 1 2 3 4 |  4.0
Invocations    | 1 3 4 5 7 9 11 12 13 14 15 16 17 18 19 20 21 23 24 25 27 | 27.0
Fire Magic     | 1 2 3 4 |  4.0
Spellcasting   | 1 2 3 4 5 |  5.0
Armour         | 2 3 7 8 10 11 13 16 | 16.4
Dodging        | 3 5 6 7 8 10 12 13 14 17 | 17.3
Fighting       | 4 5 7 8 10 11 12 13 14 15 16 17 19 20 21 22 24 | 24.4
Polearms       | 2 5 7 |  7.8
Maces & Flails | 5 7 9 12 15 17 19 | 19.4
Ranged Weapons | 4 |  4.7
Shields        | 4 5 6 9 10 11 13 14 15 16 18 | 18.8
Translocations | 4 7 9 10 11 12 14 16 17 18 | 18.0
Axes           | |  2.2
Stealth        | |  5.1

Action                     |  1- 3 |  4- 6 |  7- 9 | 10-12 | 13-15 | 16-18 | 19-21 | 22-24 | 25-27 || total
---------------------------+-------+-------+-------+-------+-------+-------+-------+-------+-------++-------
  Melee: Hand axe          |    76 |       |       |       |       |       |       |       |       ||    76
         Punch             |     2 |       |     1 |    14 |     5 |       |       |       |       ||    22
         Mace              |     7 |    54 |    47 |       |       |       |       |       |       ||   108
         Dagger            |       |       |     7 |       |       |       |       |       |       ||     7
         Trident           |       |       |    13 |   568 |   383 |       |       |       |       ||   964
         Glaive            |       |       |       |    37 |       |       |       |       |       ||    37
         Eveningstar       |       |       |       |       |   968 |  1557 |  1659 |  1751 |  3879 ||  9814
   Fire: Arbalest          |       |       |       |       |   118 |       |       |       |       ||   118
         Sling             |       |       |       |       |    44 |       |       |       |       ||    44
  Throw: Boomerang         |       |     2 |     3 |       |       |       |       |       |       ||     5
         Dart              |       |       |     2 |       |     9 |       |       |       |       ||    11
   Cast: Foxfire           |    13 |    61 |   160 |   124 |    11 |    66 |       |       |       ||   435
         Lesser Beckoning  |       |       |       |       |     2 |    58 |    17 |    18 |    57 ||   152
         Manifold Assault  |       |       |       |       |     1 |    63 |   228 |   298 |   570 ||  1160
         Momentum Strike   |       |       |       |       |     1 |     2 |       |       |       ||     3
         Apportation       |       |       |       |       |       |     8 |     5 |     9 |     4 ||    26
         Blink             |       |       |       |       |       |     8 |    11 |     2 |    12 ||    33
         Teleport Other    |       |       |       |       |       |     1 |       |       |       ||     1
         Dispersal         |       |       |       |       |       |       |     2 |     1 |     3 ||     6
         Passage of Golubr |       |       |       |       |       |       |       |       |     1 ||     1
 Invoke: Heal Other        |       |     8 |    10 |    26 |    43 |    33 |    16 |    16 |    43 ||   195
         Purification      |       |       |     1 |     4 |     1 |       |     3 |       |     7 ||    16
         Heal Self         |       |       |       |     1 |     2 |     3 |     3 |     1 |       ||    10
         Divine Vigour     |       |       |       |       |       |       |     3 |     4 |     5 ||    12
  Evoke: Wand              |       |       |     8 |     8 |    23 |    10 |     5 |       |     1 ||    55
         Phantom mirror    |       |       |       |       |       |     1 |       |     1 |     2 ||     4
         Lightning rod     |       |       |       |       |       |       |     2 |     4 |       ||     6
         Box of beasts     |       |       |       |       |       |       |       |     1 |     1 ||     2
         Tin of tremorston |       |       |       |       |       |       |       |     2 |     2 ||     4
    Use: Scroll            |     2 |       |       |     9 |    21 |    20 |    12 |     8 |    11 ||    83
         Potion            |     1 |       |     1 |     5 |     7 |     3 |     7 |    12 |    13 ||    49
   Stab: Sleeping          |     7 |     7 |     2 |     5 |     4 |    13 |     9 |    12 |    15 ||    74
         Invisible         |       |       |       |       |     3 |       |     8 |     2 |     3 ||    16
         Distracted        |       |       |       |       |     1 |     1 |     1 |       |    11 ||    14
         Confused          |       |       |       |       |       |       |     1 |       |     1 ||     2
 Armour: Leather armour    |    37 |    41 |    76 |       |       |       |       |       |       ||   154
         Skin              |       |       |    18 |       |       |       |       |       |       ||    18
         Robe              |       |       |       |   180 |       |       |       |       |       ||   180
         Chain mail        |       |       |       |   347 |  1126 |       |       |       |       ||  1473
         Troll leather arm |       |       |       |       |   308 |   812 |   413 |   405 |   671 ||  2609
  Dodge: Dodged            |    62 |    52 |    65 |   420 |   889 |   604 |   262 |   359 |   928 ||  3641
         Repelled          |       |       |       |       |     2 |     5 |       |       |       ||     7
  Block: Other             |       |     9 |    12 |    75 |       |       |       |       |       ||    96
         Reflection        |       |     1 |       |       |       |   144 |   117 |    31 |       ||   293
         Buckler           |       |       |       |       |   217 |   101 |       |       |       ||   318
         Tower shield      |       |       |       |       |       |  1806 |  1343 |  1341 |  2951 ||  7441
